 Dungeon Crawl Stone Soup version 0.20-a0-555-gf6ae02d (webtiles) character file.

3561 MirrMurr the Thaumaturge (level 9, -17/34 HPs)
             Began as a Felid Wizard on Feb 4, 2017.
             Was a Believer of Vehumet.
             Killed from afar by an ogre mage (31 damage)
             ... with a bolt of lightning
             ... on level 10 of the Dungeon.
             The game lasted 00:54:16 (18966 turns).

MirrMurr the Thaumaturge (Felid Wizard)            Turns: 18966, Time: 00:54:17

Health: -17/34     AC:  2    Str:  4    XL:     9   Next: 83%
Magic:  8/23       EV: 20    Int: 25    God:    Vehumet [**....]
Gold:   560        SH:  0    Dex: 14    Spells: 16/27 levels left
                                        Lives:  0   Deaths: 3

rFire    . . .     SeeInvis +   (weapon unavailable)
rCold    . . .     Gourm    .   (armour unavailable)
rNeg     . . .     Faith    .   (shield unavailable)
rPois    .         Spirit   .   (helmet unavailable)
rElec    .         Reflect  .   (cloak unavailable)
rCorr    .         Harm     .   (gloves unavailable)
MR       ++...                  (boots unavailable)
Stlth    +++.......             (no amulet)
Regen    0.2/turn               g - +3 ring of evasion
                                e - +2 ring of intelligence

@: repel missiles, quick
A: no armour, no weapons or thrown items, stealth, claws 1, fangs 3, see
invisible, carnivore 3, speed 1, magic resistance 1, shaggy fur 2, slow
metabolism 1, sharp paws
a: Renounce Religion


You were on level 10 of the Dungeon.
You worshipped Vehumet.
Vehumet was pleased with you.
You were very full.

You visited 2 branches of the dungeon, and saw 11 of its levels.

You collected 560 gold pieces.

Inventory:

Jewellery
 e - a +2 ring of intelligence (left paw)
 f - an uncursed ring of positive energy
 g - a +3 ring of evasion (right paw)
 s - an uncursed ring of protection from fire
 t - an uncursed ring of protection from magic
Wands
 q - a wand of polymorph (7/24)
 w - a wand of confusion (32/48)
 z - a wand of flame (0/48)
 C - a wand of lightning (0/15)
Scrolls
 j - a scroll of recharging
 r - 9 scrolls of remove curse
 x - 3 scrolls of amnesia
 y - 3 scrolls of teleportation
 E - a scroll of fog
 F - a scroll of fear {unknown}
Potions
 c - a potion of agility
 h - a potion of cure mutation
 i - 3 potions of flight
 k - 2 potions of might
 l - 2 potions of ambrosia
 m - a potion of resistance
 n - 2 potions of degeneration {unknown}
 o - a potion of invisibility {unknown}
 p - 3 potions of heal wounds
 B - a potion of cancellation {unknown}
 D - a potion of brilliance {unknown}
 G - a potion of magic {unknown}
Books
 a - a book of Minor Magic

   Spells                             Type                      Level
   a - Magic Dart                     Conjuration                  1
   b - Blink                          Translocation                2
   c - Call Imp                       Summoning                    2
   d - Repel Missiles                 Charms/Air                   2
   e - Slow                           Hexes                        2
   f - Conjure Flame                  Conjuration/Fire             3
   g - Mephitic Cloud                 Conjuration/Poison/Air       3
 u - a book of Necromancy

   Spells                             Type                      Level
   a - Pain                           Necromancy                   1
   b - Animate Skeleton               Necromancy                   1
   c - Vampiric Draining              Necromancy                   3
   d - Regeneration                   Charms/Necromancy            3
   e - Animate Dead                   Necromancy                   4
   f - Control Undead                 Necromancy                   4
 v - a book of Geomancy

   Spells                             Type                      Level
   a - Sandblast                      Earth                        1
   b - Passwall                       Transmutation/Earth          2
   c - Stone Arrow                    Conjuration/Earth            3
   d - Petrify                        Transmutation/Earth          4
   e - Lee's Rapid Deconstruction     Earth                        5
 A - the Incunabulum of Lightness
   (You found it on level 8 of the Dungeon)

   Spells                             Type                      Level
   a - Poisonous Vapours              Poison/Air                   2
   b - Static Discharge               Conjuration/Air              3
   c - Conjure Ball Lightning         Conjuration/Air              6
   d - Tornado                        Air                          9
Comestibles
 b - 11 meat rations
 d - 2 royal jellies
 H - 2 chunks of flesh


   Skills:
 - Level 2.6 Dodging
 - Level 2.6 Stealth
 + Level 9.5 Spellcasting
 - Level 7.4 Conjurations
   Level 1.0 Summonings
 - Level 1.5 Translocations
 - Level 6.8 Fire Magic
 - Level 5.1 Air Magic
 * Level 5.5 Poison Magic


You had 16 spell levels left.
You knew the following spells:

 Your Spells              Type           Power        Failure   Level  Hunger
a - Magic Dart            Conj           ####         1%          1    None
b - Blink                 Tloc           N/A          6%          2    None
c - Conjure Flame         Conj/Fire      #####...     1%          3    None
m - Mephitic Cloud        Conj/Pois/Air  #####...     1%          3    None
r - Repel Missiles        Chrm/Air       ###...       3%          2    None


Dungeon Overview and Level Annotations

Branches:
Dungeon (10/15)            Temple (1/1) D:6
   Lair: D:8-11         Orc: D:9-12

Altars:
Dithmenos
Elyvilon
Fedhas
Makhleb
Okawaru
Vehumet
Xom
Zin

Annotations:
D:3 Grinder
D:9 Erica


Innate Abilities, Weirdness & Mutations

You cannot wear armour.
You are incapable of wielding weapons or throwing items.
Your paws allow you to move quietly. (Stealth)
You have sharp claws.
You have razor-sharp teeth.
You have supernaturally acute eyesight. (SInv)
You are carnivorous and can eat meat at any time.
You cover ground quickly.
You are covered in thick fur. (AC +2)
You have a slow metabolism.
Your sharp claws are effective at attacking unaware monsters.
You are resistant to hostile enchantments. (MR+)


Message History

The ogre mage hits you with a staff of power!
The ogre mage gestures at you while chanting.
The bolt of lightning misses you.
The ogre mage hits you with a staff of power.
The ogre mage casts a spell at you. You resist with almost no effort.
The ettin shouts in stereo!
The ettin closely misses you. The ettin barely misses you.
The ogre mage casts a spell at you. You resist with almost no effort.
A gnoll comes into view. It is wielding a halberd.
The ogre mage points at you and mumbles some strange words.
You resist with almost no effort. The gnoll barely misses you.
A gnoll comes into view. It is wielding a whip.
A gnoll comes into view. It is wielding a flail of holy wrath.
The gnoll shouts!
The ogre mage gestures at you while chanting.
The bolt of lightning hits you!
Ouch! That really hurt!
You die...

#..................# #.#
#..................# ###.#
#......####'#####..# #...##
#......#........#..###..... ##
#......#........'.......... .#
#......#........#..........
.######...g..##########......####
...........g....g..C.........#...
................@..O.........#...
.............#####...........#...
########.....#...#...........#...
.......#)....#...#...........#...
.......#.....#...#########...#...
.......#.....#.......(...#...#...
.......#.....#...........#...#...
.......###...#...........#...#..#
.........#...#...........#...#..#


You could see an ettin, an ogre mage and 3 gnolls.

Vanquished Creatures
  A deep elf knight (D:10)
  A deep elf mage (D:7)
  A manticore (D:10)
  Maurice (D:9)
  A hippogriff (D:10)
  A spriggan (D:8)
  A wyvern (D:10)
  9 yaks (D:9)
  A steam dragon (D:9)
  An insubstantial wisp (D:9)
  A water moccasin (D:10)
  4 sky beasts (D:9)
  Duvessa (D:6)
  A necrophage (D:7)
  An orc warrior (D:5)
  2 phantoms
  2 ice beasts
  5 ogres
  Blork the orc (D:5)
  A big kobold (D:9)
  3 bullfrogs (D:7)
  Dowan (D:6)
  3 scorpions
  A water moccasin skeleton (D:9)
  4 killer bees
  11 wights
  A centaur zombie (D:5)
  A howler monkey (D:2)
  4 crimson imps
  2 quasits
  2 orc priests (D:9)
  7 hounds
  2 jellies
  2 orc wizards
  2 bullfrog skeletons
  A centaur skeleton (D:7)
  Jessica (D:2)
  6 iguanas
  3 worker ants
  A hound zombie (D:10)
  10 gnolls
  A howler monkey skeleton (D:8)
  9 adders
  4 shadow imps
  2 oozes (D:7)
  2 adder zombies
  2 adder skeletons
  5 worms
  A dart slug (D:1)
  The ghost of M4edhros the Charlatan, a weakling OpAr (D:3)
  9 leopard geckos
  23 orcs
  4 ball pythons
  8 giant cockroaches
  9 goblins
  10 hobgoblins
  14 jackals
  3 quokkas
  10 bats
  11 frilled lizards
  13 kobolds
  12 rats
258 creatures vanquished.

Notes
Turn   | Place    | Note
-------+----------+-------------------------------------------
     0 | D:1      | MirrMurr the Felid Wizard began the quest for the Orb.
     0 | D:1      | Reached XP level 1. HP: 7/7 MP: 5/5
    51 | D:1      | Reached skill level 1 in Conjurations
   286 | D:1      | Reached XP level 2. HP: 11/11 MP: 0/7
   355 | D:1      | Learned a level 2 spell: Blink
  1121 | D:1      | Reached XP level 3. HP: 14/14 MP: 7/9
  1306 | D:1      | Learned a level 3 spell: Conjure Flame
  1310 | D:1      | Learned a level 3 spell: Mephitic Cloud
  2116 | D:2      | Noticed Jessica
  2122 | D:2      | Killed Jessica
  2122 | D:2      | Reached XP level 4. HP: 18/18 MP: 1/10
  2557 | D:2      | Reached skill level 4 in Spellcasting
  2914 | D:2      | Found a blossoming altar of Fedhas.
  3173 | D:2      | Reached XP level 5. HP: 21/21 MP: 9/12
  3519 | D:2      | Learned a level 2 spell: Repel Missiles
  3612 | D:3      | Noticed M4edhros's ghost (weakling OpAr)
  3622 | D:3      | Killed M4edhros's ghost
  4952 | D:4      | Noticed Grinder
  5234 | D:4      | Gained mutation: You are covered in thick fur. (AC +2) [Felid growth]
  5234 | D:4      | Reached XP level 6. HP: 19/24 MP: 1/13
  5492 | D:4      | Gained mutation: You are resistant to hostile enchantments. (MR+) [potion of beneficial mutation]
  5609 | D:4      | Reached skill level 5 in Conjurations
  6109 | D:4      | Reached skill level 5 in Spellcasting
  6109 | D:4      | Reached XP level 7. HP: 14/27 MP: 3/15
  7038 | D:4      | You fall through a shaft for 3 floors!
  7282 | D:7      | HP: 1/27 [poisoned by a killer bee]
  7282 | D:7      | Slain by a killer bee
  7283 | D:7      | Reached XP level 6. HP: 0/24 MP: 2/15
  7501 | D:7      | Found a shadowy altar of Dithmenos.
  7501 | D:7      | Noticed a deep elf mage
  7680 | D:7      | Reached XP level 7. HP: 27/27 MP: 0/16
  8146 | D:7      | Mangled by a killer bee
  8147 | D:7      | Reached XP level 6. HP: -6/24 MP: 2/15
  8534 | D:7      | Reached skill level 6 in Spellcasting
  9042 | D:6      | Reached XP level 7. HP: 27/27 MP: 5/17
  9208 | D:6      | Noticed Duvessa
  9226 | D:6      | Killed Duvessa
  9226 | D:6      | Reached skill level 1 in Fire Magic
  9253 | D:6      | Noticed Dowan
  9315 | D:6      | Killed Dowan
  9487 | D:6      | Found a staircase to the Ecumenical Temple.
  9495 | Temple   | Entered the Ecumenical Temple
  9503 | Temple   | Became a worshipper of Vehumet
  9754 | D:5      | Entered Level 5 of the Dungeon
  9781 | D:5      | Noticed Blork the orc
 10784 | D:5      | Reached XP level 8. HP: 31/31 MP: 0/19
 11231 | D:5      | Killed Blork the orc
 12441 | D:7      | Reached skill level 7 in Spellcasting
 12441 | D:7      | Reached skill level 5 in Fire Magic
 13043 | D:7      | Killed a deep elf mage
 13339 | D:7      | Reached XP level 9. HP: 34/34 MP: 9/21
 13697 | D:8      | Identified the Incunabulum of Lightness
 13815 | D:8      | Found a glowing silver altar of Zin.
 14755 | D:8      | Reached * piety under Vehumet
 14755 | D:8      | Offered knowledge of Flame Tongue by Vehumet.
 14759 | D:8      | Reached skill level 1 in Air Magic
 15004 | D:9      | Reached skill level 8 in Spellcasting
 15904 | D:9      | Reached XP level 10. HP: 37/37 MP: 11/23
 15909 | D:9      | Reached skill level 5 in Air Magic
 16087 | D:9      | Noticed Maurice
 16111 | D:9      | Killed Maurice
 16111 | D:9      | Reached skill level 1 in Poison Magic
 16773 | D:9      | Reached skill level 9 in Spellcasting
 16824 | D:9      | Offered knowledge of Shock by Vehumet.
 16958 | D:9      | Reached ** piety under Vehumet
 17106 | D:10     | Entered Level 10 of the Dungeon
 17581 | D:10     | Found a runed door.
 17581 | D:10     | Noticed a manticore
 17608 | D:10     | Killed a manticore
 18191 | D:10     | Reached skill level 5 in Poison Magic
 18299 | D:9      | Noticed Erica
 18496 | D:10     | Noticed an ettin
 18496 | D:10     | Noticed a deep elf knight
 18762 | D:10     | Killed a deep elf knight
 18810 | D:10     | Noticed a stone giant
 18829 | D:10     | Hit by a large rock thrown by a stone giant
 18830 | D:10     | Reached XP level 9. HP: -17/34 MP: 23/23
 18856 | D:10     | Noticed an ogre mage
 18966 | D:10     | Killed from afar by an ogre mage

Vault maps used:
D:1:      dpeg_arrival_windows_large_door
D:2:      fedhas_altar_2, uniq_jessica
D:3:      portal_sewer_entry_e, corexii_corridor_pit, eino_tiny_chamber
D:4:      first_bread, hex_medium, uniq_grinder
D:5:      uniq_blork_the_orc
D:6:      minmay_temple_entry_grid, minmay_misc_feat_tiny,
          minmay_misc_feat_plants, uniq_duvessa
D:7:      david_defended_altar_elf
D:8:      basic_altar, the_bakery
D:9:      hangedman_misty_isle, uniq_grum, uniq_erica, uniq_maurice
D:10:     minivault_13
Temple:   nicolae_temple_the_god_donut

Skill      XL: |  1  2  3  4  5  6  7  8  9 10 |
---------------+-------------------------------+-----
Conjurations   | 1 2 3 4 5 7 |  7.4
Spellcasting   | 4 6 7 8 9 |  9.5
Fire Magic     | 4 6 |  6.8
Air Magic      | 4 5 |  5.1
Poison Magic   | 5 |  5.5
Dodging        | |  2.6
Stealth        | |  2.6
Summonings     | |  1.0
Translocations | |  1.5

Action                   |  1- 3 |  4- 6 |  7- 9 | 10-12 || total
-------------------------+-------+-------+-------+-------++-------
Melee: Unarmed           |    16 |     4 |    20 |     6 ||    46
       Bite              |     2 |       |     2 |       ||     4
 Cast: Magic Dart        |   107 |   286 |   528 |   225 ||  1146
       Mephitic Cloud    |     1 |       |    12 |    10 ||    23
       Conjure Flame     |       |    13 |    52 |    22 ||    87
       Blink             |       |     6 |    16 |     1 ||    23
       Repel Missiles    |       |       |       |     1 ||     1
Evoke: Wand              |       |       |     5 |     5 ||    10
  Use: Scroll            |       |    18 |     3 |       ||    21
       Potion            |       |     2 |     2 |       ||     4
 Stab: Confused          |       |       |       |     2 ||     2
  Eat: Chunk             |     9 |    10 |    31 |     6 ||    56
Armor: Skin              |     6 |     5 |     5 |     3 ||    19
Dodge: Dodged            |    39 |    45 |   127 |    71 ||   282
       Deflected         |       |       |     1 |     4 ||     5
